General information
- name: BNet
- type: Ladder team game (AT/RT)
- host: Battle.net
- saver: Flashbang_Omnio
map: MarketSquare
- players: 8
- length: 19:04
- speed: Fast
- version: 1.26 W3XP
- replay type: Public
» download(138 KB)
Players
team 1 (loser)
AintNoSunshine (
orange | 103 APM | 1813 actions | 17:36)
4 Blademaster
2 Wind Walk
2 Critical Strike
2 Shadow Hunter
1 Healing Wave
1 Hex
» actions
| Assign group hotkey | 52 | |
| Basic commands | 13 | |
| Build / train | 79 | |
| ESC pressed | 5 | |
| Enter build submenu | 24 | |
| Enter hero's abilities submenu | 6 | |
| Give item / drop item | 2 | |
| Right click | 793 | |
| Select / deselect | 200 | |
| Select group hotkey | 530 | |
| Use ability | 109 | |
1813 total
» units
| Peon | 15 | |
| Grunt | 10 | |
| Forest Troll High Priest | 1 | |
| Troll Batrider | 4 | |
30 total
» upgrades
| Pillage | 1 | |
| Berserker Strength | 1 | |
| Liquid Fire | 1 | |
| Reinforced Defenses | 1 | |
| War Drums Damage Increase | 1 | |
| Berserker Upgrade | 1 | |
6 total
» buildings
| Altar of Storms | 1 | |
| Orc Burrow | 4 | |
| Barracks | 1 | |
| Voodoo Lounge | 1 | |
| Stronghold | 2 | |
| War Mill | 1 | |
| Watch Tower | 10 | |
| Great Hall | 1 | |
| Fortress | 2 | |
| Beastiary | 2 | |
25 total
» build order
00:07 Altar of Storms
00:13 Orc Burrow
00:28 Barracks
01:42 Orc Burrow
02:34 Voodoo Lounge
03:25 Stronghold
03:26 Stronghold
03:47 War Mill
04:32 Orc Burrow
05:57 Watch Tower
06:02 Watch Tower
06:06 Watch Tower
06:13 Watch Tower
07:50 Great Hall
08:04 Fortress
08:05 Fortress
08:33 Orc Burrow
08:47 Beastiary
08:59 Watch Tower
09:52 Beastiary
09:54 Watch Tower
14:30 Watch Tower
14:32 Watch Tower
14:40 Watch Tower
14:49 Watch Tower
» items
| Healing Salve | 4 | |
| Scroll of Speed | 3 | |
| Scroll of Town Portal | 2 | |
| Lesser Clarity Potion | 4 | |
| Potion of Healing | 1 | |
| Boots of Speed | 2 | |
| Circlet of Nobility | 1 | |
| Potion of Lesser Invulnerability | 3 | |
20 total
shygirl1 (
teal | 32 APM | 608 actions | 19:02)
4 Mountain King
2 Storm Bolt
2 Bash
3 Paladin
2 Holy Light
1 Divine Shield
» actions
| Assign group hotkey | 17 | |
| Basic commands | 70 | |
| Build / train | 50 | |
| Enter build submenu | 26 | |
| Enter hero's abilities submenu | 7 | |
| Remove unit from queue | 5 | |
| Right click | 163 | |
| Select / deselect | 166 | |
| Select group hotkey | 56 | |
| Use ability | 48 | |
608 total
» units
| Peasant | 5 | |
| Rifleman | 6 | |
| Dragonhawk Rider | 5 | |
| Knight | 5 | |
21 total
» upgrades
| Lumber Harvesting | 2 | |
| Gunpowder | 3 | |
| Long Rifles | 1 | |
| Cloud | 1 | |
| Swords | 1 | |
8 total
» buildings
| Altar of Kings | 1 | |
| Farm | 9 | |
| Blacksmith | 1 | |
| Barracks | 1 | |
| Scout Tower | 5 | |
| Arcane Tower | 1 | |
| Lumber Mill | 1 | |
| Keep | 1 | |
| Guard Tower | 3 | |
| Gryphon Aviary | 2 | |
| Arcane Vault | 1 | |
| Castle | 1 | |
27 total
» build order
00:13 Altar of Kings
00:25 Farm
01:09 Farm
01:22 Blacksmith
01:31 Barracks
02:03 Scout Tower
02:32 Arcane Tower
02:58 Lumber Mill
03:32 Farm
04:14 Farm
04:33 Scout Tower
04:38 Keep
05:18 Guard Tower
05:20 Farm
07:02 Scout Tower
07:12 Gryphon Aviary
07:19 Gryphon Aviary
08:39 Scout Tower
09:08 Guard Tower
10:00 Arcane Vault
10:34 Farm
10:39 Castle
11:57 Farm
12:03 Scout Tower
12:59 Guard Tower
13:30 Farm
15:29 Farm
SYSP (
blue | 61 APM | 1006 actions | 16:29)
3 Dreadlord
1 Vampiric Aura
1 Sleep
1 Carrion Swarm
2 Death Knight
1 Death Coil
1 Unholy Aura
» actions
| Assign group hotkey | 29 | |
| Basic commands | 12 | |
| Build / train | 57 | |
| ESC pressed | 1 | |
| Enter build submenu | 19 | |
| Enter hero's abilities submenu | 7 | |
| Remove unit from queue | 1 | |
| Right click | 500 | |
| Select / deselect | 180 | |
| Select group hotkey | 170 | |
| Use ability | 30 | |
1006 total
» units
| Acolyte | 2 | |
| Ghoul | 21 | |
| Obsidian Statue | 2 | |
| Meatwagon | 2 | |
| Necromancer | 8 | |
35 total
» upgrades
| Cannibalize | 1 | |
| Unholy Armor | 2 | |
| Ghoul Frenzy | 1 | |
| Necromancer Training | 2 | |
| Skeletal Mastery | 1 | |
| Skeletal Longevity | 1 | |
| Unholy Strength | 1 | |
9 total
» buildings
| Crypt | 1 | |
| Altar of Darkness | 1 | |
| Ziggurat | 7 | |
| Tomb of Relics | 1 | |
| Nerubian Tower | 1 | |
| Halls of the Dead | 1 | |
| Graveyard | 1 | |
| Slaughterhouse | 1 | |
| Black Citadel | 1 | |
| Temple of the Damned | 2 | |
17 total
» build order
00:20 Crypt
00:23 Altar of Darkness
00:29 Ziggurat
00:52 Tomb of Relics
01:30 Nerubian Tower
01:43 Ziggurat
02:50 Ziggurat
04:15 Halls of the Dead
04:54 Graveyard
05:55 Ziggurat
05:57 Ziggurat
06:04 Ziggurat
06:43 Slaughterhouse
06:44 Black Citadel
08:56 Temple of the Damned
08:58 Temple of the Damned
11:10 Ziggurat

»
EASTISFUKINSHlT (
purple | 49 APM | 874 actions | 17:42)
4 Mountain King
2 Storm Bolt
2 Bash
1 Paladin
1 Holy Light
» actions
| Assign group hotkey | 40 | |
| Basic commands | 5 | |
| Build / train | 53 | |
| Enter build submenu | 18 | |
| Enter hero's abilities submenu | 5 | |
| Give item / drop item | 1 | |
| Remove unit from queue | 3 | |
| Right click | 429 | |
| Select / deselect | 114 | |
| Select group hotkey | 167 | |
| Use ability | 39 | |
874 total
» units
| Peasant | 12 | |
| Footman | 10 | |
| Knight | 4 | |
26 total
» upgrades
| Defend | 1 | |
| Swords | 3 | |
| Plating | 2 | |
| Animal War Training | 1 | |
7 total
» buildings
| Farm | 9 | |
| Altar of Kings | 1 | |
| Barracks | 2 | |
| Lumber Mill | 1 | |
| Scout Tower | 6 | |
| Arcane Vault | 1 | |
| Arcane Tower | 2 | |
| Keep | 1 | |
| Blacksmith | 1 | |
| Castle | 1 | |
| Town Hall | 2 | |
| Guard Tower | 2 | |
29 total
» build order
00:16 Farm
00:22 Altar of Kings
00:56 Barracks
01:35 Farm
02:12 Farm
02:17 Farm
02:25 Lumber Mill
02:55 Scout Tower
03:02 Scout Tower
03:34 Arcane Vault
04:29 Arcane Tower
04:34 Farm
04:37 Arcane Tower
05:39 Keep
07:14 Blacksmith
09:06 Castle
09:12 Barracks
10:36 Town Hall
11:32 Farm
11:32 Farm
11:33 Farm
11:34 Farm
15:08 Town Hall
15:14 Scout Tower
15:15 Scout Tower
15:17 Scout Tower
15:18 Scout Tower
16:07 Guard Tower
17:16 Guard Tower
» items
| Scroll of Regeneration | 2 | |
| Lesser Clarity Potion | 2 | |
| Scroll of Town Portal | 1 | |
5 total
team 2 (winner)
aznhmong (
green | 53 APM | 1016 actions | 19:03)
5 Mountain King
3 Storm Bolt
2 Bash
1 Paladin
1 Holy Light
» actions
| Basic commands | 1 | |
| Build / train | 74 | |
| Enter build submenu | 25 | |
| Enter hero's abilities submenu | 6 | |
| Right click | 468 | |
| Select / deselect | 368 | |
| Use ability | 72 | |
1016 total
» units
| Peasant | 18 | |
| Footman | 6 | |
| Siege Engine | 4 | |
| Knight | 7 | |
| Flying Machine | 1 | |
36 total
» upgrades
| Defend | 1 | |
| Masonry | 2 | |
| Lumber Harvesting | 2 | |
| Gunpowder | 4 | |
| Plating | 2 | |
| Swords | 2 | |
| Barrage | 1 | |
| Animal War Training | 1 | |
| Flak Cannons | 1 | |
16 total
» buildings
| Barracks | 2 | |
| Altar of Kings | 1 | |
| Farm | 11 | |
| Lumber Mill | 2 | |
| Scout Tower | 11 | |
| Town Hall | 2 | |
| Keep | 1 | |
| Arcane Vault | 3 | |
| Guard Tower | 3 | |
| Blacksmith | 1 | |
| Castle | 1 | |
| Workshop | 4 | |
42 total
» build order
00:11 Barracks
00:14 Altar of Kings
00:22 Farm
00:24 Farm
00:25 Farm
00:26 Farm
00:27 Farm
00:30 Farm
01:58 Lumber Mill
02:40 Scout Tower
03:14 Scout Tower
03:16 Scout Tower
03:20 Scout Tower
05:38 Town Hall
05:40 Keep
05:48 Scout Tower
05:49 Scout Tower
05:50 Scout Tower
05:51 Scout Tower
06:01 Arcane Vault
06:23 Guard Tower
06:31 Arcane Vault
06:51 Blacksmith
07:11 Arcane Vault
07:16 Guard Tower
08:05 Castle
08:10 Barracks
09:17 Guard Tower
09:22 Workshop
10:26 Workshop
11:32 Scout Tower
11:58 Farm
11:58 Farm
11:59 Farm
12:00 Farm
12:00 Farm
12:12 Scout Tower
12:31 Lumber Mill
15:02 Scout Tower
18:24 Workshop
18:28 Workshop
18:59 Town Hall
» items
| Scroll of Regeneration | 2 | |
| Lesser Clarity Potion | 2 | |
| Potion of Healing | 2 | |
| Scroll of Town Portal | 2 | |
| Potion of Mana | 1 | |
9 total
gate (
red | 102 APM | 1950 actions | 19:03)
5 Death Knight
3 Death Coil
2 Unholy Aura
» actions
| Assign group hotkey | 47 | |
| Basic commands | 29 | |
| Build / train | 68 | |
| ESC pressed | 2 | |
| Enter build submenu | 26 | |
| Enter hero's abilities submenu | 5 | |
| Remove unit from queue | 1 | |
| Right click | 598 | |
| Select / deselect | 259 | |
| Select group hotkey | 860 | |
| Use ability | 55 | |
1950 total
» units
| Acolyte | 15 | |
| Ghoul | 8 | |
| Frost Wyrm | 6 | |
29 total
» upgrades
| Creature Attack | 3 | |
| Creature Carapace | 3 | |
| Freezing Breath | 1 | |
7 total
» buildings
| Crypt | 1 | |
| Ziggurat | 12 | |
| Altar of Darkness | 1 | |
| Tomb of Relics | 1 | |
| Graveyard | 1 | |
| Halls of the Dead | 1 | |
| Necropolis | 2 | |
| Black Citadel | 1 | |
| Spirit Tower | 6 | |
| Sacrificial Pit | 1 | |
| Boneyard | 3 | |
| Nerubian Tower | 2 | |
| Slaughterhouse | 2 | |
34 total
» build order
00:12 Crypt
00:19 Ziggurat
00:39 Altar of Darkness
01:53 Tomb of Relics
02:38 Graveyard
02:51 Ziggurat
03:08 Halls of the Dead
05:48 Necropolis
06:00 Necropolis
06:01 Ziggurat
06:08 Black Citadel
06:41 Ziggurat
07:16 Ziggurat
07:18 Ziggurat
07:44 Ziggurat
08:46 Spirit Tower
08:47 Spirit Tower
09:17 Ziggurat
09:17 Ziggurat
09:18 Ziggurat
09:18 Ziggurat
09:22 Sacrificial Pit
10:18 Spirit Tower
10:25 Boneyard
10:26 Boneyard
11:13 Nerubian Tower
11:15 Spirit Tower
11:16 Nerubian Tower
11:23 Spirit Tower
11:27 Boneyard
15:05 Slaughterhouse
15:13 Slaughterhouse
17:13 Ziggurat
» items
| Rod of Necromancy | 1 | |
| Healing Salve | 1 | |
| Scroll of Town Portal | 3 | |
5 total
Flashbang_Omnio (
pink | 58 APM | 1100 actions | 19:04)
3 Blademaster
2 Wind Walk
1 Critical Strike
» actions
| Assign group hotkey | 12 | |
| Basic commands | 5 | |
| Build / train | 56 | |
| Enter build submenu | 31 | |
| Enter hero's abilities submenu | 3 | |
| Right click | 580 | |
| Select / deselect | 247 | |
| Select group hotkey | 82 | |
| Use ability | 84 | |
1100 total
» units
» upgrades
| Ranged Weapons | 3 | |
| Liquid Fire | 1 | |
4 total
» buildings
| Altar of Storms | 1 | |
| Orc Burrow | 4 | |
| Voodoo Lounge | 1 | |
| War Mill | 1 | |
| Stronghold | 2 | |
| Watch Tower | 19 | |
| Beastiary | 3 | |
| Fortress | 1 | |
32 total
» build order
00:07 Altar of Storms
00:18 Orc Burrow
01:01 Voodoo Lounge
01:22 War Mill
03:19 Stronghold
03:20 Stronghold
03:23 Watch Tower
04:29 Watch Tower
05:37 Watch Tower
05:42 Beastiary
05:44 Beastiary
06:14 Beastiary
06:16 Fortress
06:42 Watch Tower
07:01 Orc Burrow
07:02 Orc Burrow
07:58 Watch Tower
10:41 Orc Burrow
12:09 Watch Tower
12:10 Watch Tower
12:10 Watch Tower
12:11 Watch Tower
12:11 Watch Tower
12:12 Watch Tower
12:15 Watch Tower
12:16 Watch Tower
12:16 Watch Tower
14:49 Watch Tower
14:49 Watch Tower
15:41 Watch Tower
16:00 Watch Tower
16:01 Watch Tower
» items
| Healing Salve | 2 | |
| Lesser Clarity Potion | 5 | |
| Orb of Lightning | 1 | |
8 total
maxinvasion (
yellow | 37 APM | 702 actions | 19:03)
5 Pandaren Brewmaster
3 Drunken Haze
2 Drunken Brawler
» actions
| Basic commands | 21 | |
| Build / train | 71 | |
| Enter build submenu | 16 | |
| Enter hero's abilities submenu | 5 | |
| Give item / drop item | 6 | |
| Right click | 267 | |
| Select / deselect | 268 | |
| Use ability | 47 | |
702 total
» units
| Wisp | 16 | |
| Archer | 17 | |
| Hippogryph | 9 | |
| Druid of the Talon | 5 | |
47 total
» upgrades
| Strength of the Moon | 3 | |
| Moon Armor | 3 | |
| Ultravision | 1 | |
| Improved Bows | 1 | |
| Hippogryph Taming | 1 | |
| Druid of the Talon Training | 2 | |
| Marksmanship | 1 | |
| Mark of the Talon | 1 | |
13 total
» buildings
| Moon Well | 9 | |
| Ancient of War | 1 | |
| Altar of Elders | 1 | |
| Tree of Ages | 1 | |
| Hunter's Hall | 1 | |
| Tree of Eternity | 1 | |
| Ancient of Wind | 3 | |
17 total
» build order
00:21 Moon Well
00:35 Ancient of War
01:02 Altar of Elders
01:17 Moon Well
02:14 Moon Well
04:32 Moon Well
04:40 Moon Well
05:38 Tree of Ages
05:42 Hunter's Hall
07:35 Moon Well
07:39 Moon Well
08:49 Tree of Eternity
09:27 Ancient of Wind
09:29 Ancient of Wind
09:37 Ancient of Wind
12:46 Moon Well
16:00 Moon Well
» items
| Periapt of Vitality | 2 | |
| Boots of Speed | 1 | |
3 total
Chat log
(00:15 / All) Flashbang_Omnio: Good evening
(00:24 / All) gate: good morning
(00:30 / All) Flashbang_Omnio: Quick question everyone: I am God
(00:31 / All) AintNoSunshine: buenos dias
(00:37 / Allies) aznhmong: happy new years
(00:54 / All) AintNoSunshine: guys if you haven't seen Breaking
(00:57 / All) AintNoSunshine: Breaking Bad
(00:58 / All) AintNoSunshine: do it.
(01:07 / All) AintNoSunshine: I just started last week, incredible show.
(01:10 / All) Flashbang_Omnio: Walter kills Mike
(01:16 / All) AintNoSunshine: :)
(01:17 / All) gate: spoiler
(01:22 / Allies) aznhmong: so i've heard
(01:43 / Allies) aznhmong: its on netflix
(01:56 / All) Flashbang_Omnio: As a faithful Christ worshipper and God, I command you to not watch Breaking Bag
(02:01 / All) gate: right
(02:05 / All) Flashbang_Omnio: It is a sinful show and everyone sins in it
(02:05 / All) gate: that
(02:07 / All) gate: show is not real
(02:14 / All) gate: who breaks bags
(02:15 / All) AintNoSunshine: laaaame
(03:11 / All) Flashbang_Omnio: When I was a child the devil threw me into the world trade center
(03:17 / All) gate: ...
(03:29 / All) gate: oh ehs' straight teching
(03:33 / All) gate: no wonder he can talk
(03:43 / All) Flashbang_Omnio: I am the devil
(03:58 / All) Flashbang_Omnio: "U" guys go to church?
(04:13 / All) gate: sure
(04:15 / All) AintNoSunshine: your trolling is so bad
(04:21 / All) gate: he's not trolling
(04:31 / All) Flashbang_Omnio: What is church?
(04:38 / All) AintNoSunshine: unfunny trolls are the most annoying
(04:47 / All) gate: he's not trolling
(04:50 / All) gate: he's just dumb
(04:58 / All) AintNoSunshine: he's trying to. And failing, badly.
(05:27 / All) Flashbang_Omnio: When Jesus (God/Me) comes back all gamers will play Warcraft 3: 2: Ormus Maybe
(05:39 / All) gate: so kewl
(07:30 / All) AintNoSunshine: god you're bad pink
(07:30 / All) gate: faik
(07:50 / All) Flashbang_Omnio: God is pure good and NEVER bad: Mark 3:12
(07:54 / All) gate: A for effort?
(08:26 / Allies) aznhmong: help save red
(08:35 / Allies) maxinvasion: omw
(08:55 / All) Flashbang_Omnio: I am praying to win this game
(09:10 / All) Flashbang_Omnio: Games are God's favorite activity (I am God?)
(09:55 / All) Flashbang_Omnio: My cousin Rudolph taught me to play Warcraft III and I hate him because of it
(10:06 / All) Flashbang_Omnio: I am addicted to "Warcraft" (Warcraft 3)
(10:19 / All) Flashbang_Omnio: Satan invented video games and threw me into the Sears Tower
(10:39 / Allies) aznhmong: wood
(10:47 / All) gate: A for effort on that surround
(10:50 / All) Flashbang_Omnio: Email.com
(10:58 / Allies) aznhmong: wood for gold
(10:58 / All) gate: another A for effort
(11:30 / All) Flashbang_Omnio: Pormography is a sin but it is my favorite website
(12:13 / All) gate: y
(12:18 / All) gate: y u guys so good : (
(12:27 / All) AintNoSunshine: THEY ARE MASSING
(12:30 / All) gate: what
(12:32 / All) gate: massing what
(12:34 / All) gate: bats?
(12:37 / All) gate: gargs?
(12:47 / All) Flashbang_Omnio: Fake breasts and large labia minora, and sometimes throatfucking: My favorites!
(13:00 / All) gate: funny
(13:03 / All) gate: i thought u were gay
(13:33 / All) Flashbang_Omnio: Two men and one woman, Having Sex, and looking at each other's d*cks, is my favorite
(13:59 / Allies) gate: that main
(14:01 / Allies) gate: isn't important
(14:03 / Allies) gate: the mine is
(14:07 / Allies) gate: get both i guess
(14:14 / All) gate: lol
(14:19 / All) gate: get fiends
(14:22 / All) gate: u can web
(14:23 / All) gate: down air
(14:25 / All) gate: stuff
(14:31 / All) gate: rifles
(14:33 / All) gate: > bats
(15:01 / All) Flashbang_Omnio: Have you ever prayed while naked
(15:30 / All) Flashbang_Omnio: As God I request you email me pictures of your dick, email.com
(16:27 / All) Flashbang_Omnio: How many emails can you send? Before Satan is born
(16:54 / All) AintNoSunshine: just quit
(17:19 / All) AintNoSunshine: gg cannot believe the scrubbiness of this team
(17:23 / All) gate: gg
(17:25 / All) Flashbang_Omnio: God gave me this win
(17:25 / All) gate: cause
(17:28 / All) gate: u are on it
(17:31 / All) Flashbang_Omnio: PRAISE God
(17:36 / All) Flashbang_Omnio: Ormus Maiden is God
(18:00 / All) Flashbang_Omnio: New York state, my mother, Warcraft: My three loves
(18:30 / All) gate: feel sorry for blue
(18:42 / All) Flashbang_Omnio: I killed blue in real life
(18:57 / All) Flashbang_Omnio: Cloud doesn't work on trees
(18:58 / All) gate: do nothing